 Dungeon Crawl Stone Soup version 0.30-a0-359-gd0147acb1a (webtiles) character file.

Game seed: 11771879288441200290

383 Decritt the Trooper (level 7, -3/53 HPs)
             Began as a Djinni Air Elementalist on Nov 12, 2022.
             Was an Initiate of Makhleb.
             Killed by divine providence
             ... invoked by an orc priest
              (16 damage)
             ... on level 3 of the Dungeon.
             The game lasted 00:07:32 (3883 turns).

Decritt the Trooper (Djinni Air Elementalist)       Turns: 3883, Time: 00:07:32

Health: -3/53      AC:  7    Str:  7    XL:     7   Next: 5%
Gold:   146        EV: 12    Int: 19    God:    Makhleb [......] SH:  0 Dex: 13

rFire   + + .      SeeInvis .    b - +2 war axe (venom)
rCold   x . .      Faith    .    (no shield)
rNeg    . . .      Spirit   .    m - +0 animal skin
rPois   ∞          Reflect  .    l - +1 helmet
rElec   .          Harm     .    (no cloak)
rCorr   .          Rampage  .    h - +2 pair of gloves
Will    .....                    (boots unavailable)
Stlth   ++........               (no amulet)
HPRegen 0.28/turn                (no ring)
MPRegen 0.00/turn                (no ring)

@: flying
A: sickness immunity, fire resistance 2, cold vulnerability 1, float, innate
caster, HP casting, extra vitality 1
a: Renounce Religion


You were on level 3 of the Dungeon.
You worshipped Makhleb.
Makhleb was noncommittal.
You visited 1 branch of the dungeon, and saw 4 of its levels.

You collected 146 gold pieces.

Inventory:

Hand Weapons
 b - a +2 war axe of venom (weapon)
Armour
 h - a +2 pair of gloves (worn)
 l - a +1 helmet (worn)
 m - a +0 animal skin (worn)
Scrolls
 c - 2 scrolls of teleportation
Potions
 a - a potion of haste {unknown}
 e - a potion of heal wounds
 j - a potion of curing


   Skills:
 + Level 4.5 Fighting
 - Level 2.1 Dodging
 - Level 1.5 Stealth
 + Level 4.3 Spellcasting


You couldn't memorise any spells.
You knew the following spells:

 Your Spells              Type           Power      Damage    Failure   Level
a - Shock                 Conj/Air       80%        1d8       2%          1
b - Airstrike             Air            10%        2d(2-18)  22%         4
c - Kindle Blastsparks    Fire/Tloc/Air  40%        2d13      7%          3
d - Static Discharge      Conj/Air       40%        2-4/arc   3%          2
e - Swiftness             Air            20%        N/A       7%          3
f - Passwall              Tmut/Erth      16%        N/A       3%          2
g - Sting                 Tmut/Pois      80%        1d7       2%          1
Your spell library was empty.

Dungeon Overview and Level Annotations

Branches:
Dungeon (4/15)
 Temple: D:4-7

Altars:
Makhleb
Nemelex Xobeh


Innate Abilities, Weirdness & Mutations

You are immune to sickness and miasma.
You are immune to poison.
Your flesh is very heat resistant. (rF++)
You are vulnerable to cold. (rC-)
You float through the air rather than walking.
You learn spells naturally, not from books.
Your magical power is your life essence.
You have superior vitality. (+4 MHP)


Message History

The cloud of blastsparks explodes!
The concussive blast engulfs the orc priest.
The orc priest is lightly wounded.
The concussive blast engulfs you. You resist.
* * * LOW HITPOINT WARNING * * *
You are knocked back by the blast.
You hear a shout!
The orc priest attacks as you move away!
The orc priest hits you but does no damage.
Things that are here:
a +0 giant club; an ogre skeleton You barely miss the orc priest.
The orc priest is lightly wounded.
The orc priest hits you but does no damage.
You closely miss the orc priest. The orc priest barely misses you.
A kobold comes into view. It is wielding a +0 dagger.
The orc priest hits you with a +0 dagger.
* * * LOW HITPOINT WARNING * * *
Your magical contamination has completely faded away.
You closely miss the orc priest.
The orc priest hits you but does no damage.
The orc priest attacks as you move away!
The orc priest barely misses you.
There is a stone staircase leading up here.
The orc priest completely misses you. The kobold hits you but does no damage.
You fly upwards.
There is a stone staircase leading down here.
You closely miss the orc priest. You hit the kobold.
You kill the kobold!
Makhleb accepts your kill. The orc priest barely misses you. x2
You hit the orc priest.
The orc priest is poisoned.
Your punch misses the orc priest.
The orc priest is lightly wounded.
The orc priest barely misses you.
You barely miss the orc priest.
The orc priest is lightly wounded.
The orc priest calls down the wrath of Beogh upon you.
Beogh smites you!
You die...

##.^.^.....##.#.#...#.##### #.#
#...#####...#.........# #.#
##^'#.#.#'.##..<#.#...# #.#
.###..#..###.......#..####### #.#
.....###..........###.......###.#
####.....#.......## ##......[...#
####...........###.#####.#####
####..>....).#.## #.#####
###########....o@.#..# #......
.......÷.........###.# #######
############.........#
###########


You could see an orc priest (very poisoned).

Vanquished Creatures
  Grinder (D:3)
  An ogre (D:4)
  Jessica (D:2)
  Robin (D:2)
  2 adders (D:2)
  A worm (D:2)
  3 dart slugs
  3 orcs
  2 giant cockroaches
  6 hobgoblins
  3 quokkas
  6 ball pythons
  4 bats
  4 frilled lizards
  15 goblins
  5 kobolds
  2 rats
60 creatures vanquished.

Notes
Turn   | Place    | Note
-------+----------+-------------------------------------------
     0 | D:1      | Decritt the Djinni Air Elementalist began the quest for the
                  | Orb.
     0 | D:1      | Decritt set off with the following spells memorised: Shock,
                  | Static Discharge, Swiftness, Airstrike.
     0 | D:1      | Reached XP level 1. HP: 15/15 MP: 0/0
   187 | D:1      | Reached XP level 2. HP: 4/22 MP: 0/0
   273 | D:1      | Reached skill level 1 in Fighting
  1141 | D:2      | Reached XP level 3. HP: 13/28 MP: 0/0
  1141 | D:2      | Learned a level 1 spell: Sting
  1650 | D:2      | Found a faded altar of an unknown god.
  1809 | D:2      | Reached XP level 4. HP: 31/33 MP: 0/0
  1818 | D:2      | Noticed Robin
  1830 | D:2      | Killed Robin
  1984 | D:2      | Noticed Jessica
  1990 | D:2      | Killed Jessica
  1991 | D:2      | Reached XP level 5. HP: 23/40 MP: 0/0
  1991 | D:2      | Learned a level 2 spell: Passwall
  2522 | D:3      | Noticed Grinder
  2531 | D:3      | Paralysed by Grinder for 5 turns
  2550 | D:3      | Killed Grinder
  2551 | D:3      | Reached XP level 6. HP: 3/47 MP: 0/0
  2913 | D:3      | Found a sparkling altar of Nemelex Xobeh.
  3246 | D:3      | Found a burning altar of Makhleb.
  3246 | D:3      | Noticed a green death
  3250 | D:3      | Noticed a ynoxinul
  3250 | D:3      | Noticed a smoke demon
  3252 | D:3      | Became a worshipper of Makhleb the Destroyer
  3523 | D:4      | Noticed an ogre
  3528 | D:4      | HP: 1/47 [ogre/+0 giant club (23)]
  3529 | D:4      | Killed an ogre
  3530 | D:4      | Reached XP level 7. HP: 1/53 MP: 0/0
  3530 | D:4      | Learned a level 3 spell: Kindle Blastsparks
  3883 | D:3      | Killed from afar by an orc priest

Illustrated notes

Levels and vault maps discovered:
D:1:      matt_arrival_grand_opening, layout_loops_ring,
          ebering_dispersal_statue_hall, minmay_misc_feat_enclosed,
          nicolae_hexahallways, chequers_big_river, chequers_arboretum,
          minmay_box_of_dots
D:2:      layout_loops_corners, ebering_ecumenical_altar_petrified,
          uniq_jessica, uniq_robin
D:3:      layout_loops_ring, makhleb_altar_promises_db,
          nemelex_spade_bored_becter, uniq_grinder
D:4:      layout_basic, lemuel_round_altar, serial_shops, nicolae_square_shop

Skill      XL: |  1  2  3  4  5 |
---------------+----------------+-----
Fighting       | 1 2 4 |  4.5
Spellcasting   | 3 4 |  4.3
Dodging        | |  2.1
Stealth        | |  1.5

Action                   |  1- 3 |  4- 6 |  7- 9 || total
-------------------------+-------+-------+-------++-------
Melee: Dagger            |     5 |    27 |       ||    32
       War axe           |       |     3 |     6 ||     9
 Cast: Shock             |    75 |    44 |       ||   119
       Kindle Blastspark |       |       |     7 ||     7
  Use: Scroll            |       |    14 |       ||    14
Armor: Robe              |     6 |     3 |       ||     9
       Animal skin       |       |    12 |     5 ||    17
Dodge: Dodged            |    11 |    14 |     8 ||    33

Table legend: (Time is in decaauts)
 A = Elapsed time spent in this place.
 B = Non-inter-level travel time spent in this place.
 C = Inter-level travel time spent in this place.
 D = Time resting spent in this place.
 E = Time spent auto-exploring this place.
 F = Levels seen in this place.
 G = Mean time per level.
                   A        B        C        D        E       F      G
               +--------+--------+--------+--------+--------+-----+--------+
         Total |   3885 |   3739 |    146 |    901 |   2406 |   4 |  971.2 |
       Dungeon |   3885 |   3739 |    146 |    901 |   2406 |   4 |  971.2 |
               +--------+--------+--------+--------+--------+-----+--------+

Top non-repeatable levels by time:
     D:2: 1364 daAuts
     D:3: 1264 daAuts
     D:1: 1133 daAuts
     D:4: 124 daAuts
